 Dungeon Crawl Stone Soup version 0.23.2-1-ga50397a (webtiles) character file.

Game seed: 9852761378056836681

107 senseless the Chopper (level 4, -2/35 HPs)
             Began as a Demonspawn Chaos Knight on May 24, 2019.
             Was a Plaything of Xom.
             Slain by a phantom (5 damage)
             ... on level 3 of the Dungeon.
             The game lasted 00:05:41 (1546 turns).

senseless the Chopper (Demonspawn Chaos Knight)     Turns: 1546, Time: 00:05:42

Health: -2/35      AC:  4    Str: 14    XL:     4   Next: 56%
Magic:  4/4        EV:  9    Int: 18    God:    Xom [..*...]
Gold:   76         SH:  7    Dex: 12    Spells: 3/3 levels left

rFire    . . .     SeeInvis .   a - +1 hand axe (chaos)
rCold    + . .     Gourm    .   e - +0 shield
rNeg     . . .     Faith    .   g - +0 leather armour (curse)
rPois    .         Spirit   .   j - +0 helmet
rElec    .         Reflect  .   (no cloak)
rCorr    .         Harm     .   (no gloves)
MR       .....                  (no boots)
Stlth    ..........             (no amulet)
HPRegen  0.11/turn              k - ring of attention (curse)
MPRegen  0.09/turn              (no ring)

@: brilliant
A: cold resistance 1
a: Renounce Religion


You were on level 3 of the Dungeon.
You worshipped Xom.
You were a toy of Xom.
You were not hungry.

You visited 1 branch of the dungeon, and saw 3 of its levels.

You collected 76 gold pieces.

Inventory:

Hand Weapons
 a - a +1 hand axe of chaos (weapon)
Armour
 b - a +2 leather armour
 e - a +0 shield (worn)
 g - a cursed +0 leather armour (worn)
 j - a +0 helmet (worn)
Magical Staves
 f - an uncursed staff of power {unknown}
Jewellery
 k - a cursed ring of attention (left hand)
Scrolls
 d - 3 scrolls of identify
 h - a scroll of enchant armour
Potions
 i - a potion of invisibility {unknown}
 l - 2 potions of curing {unknown}
Comestibles
 c - 2 rations
 m - 7 chunks of flesh


   Skills:
 + Level 3.5 Fighting
 + Level 3.6 Axes
 + Level 2.4 Armour
 + Level 1.6 Dodging
 + Level 0.9 Stealth
 + Level 0.5 Shields


You had 3 spell levels left.
You didn't know any spells.
Your spell library was empty.

Dungeon Overview and Level Annotations

Branches:
Dungeon (3/15)

Altars:


Innate Abilities, Weirdness & Mutations

Your flesh is cold resistant. (rC+)


Message History

You hit the hound.
Multicoloured lights dance around the hound!
The hound is almost dead.
The hound closely misses you. The hound bites you.
* * * LOW HITPOINT WARNING * * *
You hit the hound but do no damage.
The hound is poisoned.
The hound is almost dead.
You miss the phantom. The hound bites you.
* * * LOW HITPOINT WARNING * * *
The phantom barely misses you. The hound completely misses you.
You hit the hound.
You kill the hound!
You hit the phantom.
The phantom's magic leaks into the air.
The phantom hits you but does no damage.
You hit the phantom.
The phantom convulses.
The phantom is moderately damaged.
The phantom hits you but does no damage.
The phantom hits you.
You die...
Xom cackles wildly!

##........# #
.>.........# .#
...........# ..#
...........# ...#
...........#....##
......[...........
..........##...##
###...>.........
#....@W####...##
#......# ..#
#........ #
#......##.#
#.......! #
#.........
#.........
#..........
#......


You could see a phantom.

Vanquished Creatures
  A hound (D:3)
  2 adders (D:3)
  A dart slug (D:1)
  2 worms
  5 leopard geckos
  An orc (D:3)
  A ball python (D:2)
  10 bats
  3 giant cockroaches
  4 goblins
  5 hobgoblins
  A jackal (D:2)
  2 kobolds (D:1)
  2 quokkas (D:3)
  A frilled lizard (D:2)
  3 rats
44 creatures vanquished.

Notes
Turn   | Place    | Note
-------+----------+-------------------------------------------
     0 | D:1      | senseless the Demonspawn Chaos Knight began the quest for
                  | the Orb.
     0 | D:1      | Reached XP level 1. HP: 18/18 MP: 1/1
    30 | D:1      | XOM: butterfly on damage
    54 | D:1      | Reached skill level 1 in Dodging
   196 | D:1      | Gained mutation: Your flesh is cold resistant. (rC+)
                  | [demonic ancestry]
   196 | D:1      | Reached XP level 2. HP: 23/24 MP: 2/2
   590 | D:1      | XOM: enchant monster (good)
   739 | D:2      | XOM: silly message
   887 | D:2      | XOM is BORED!
   887 | D:2      | XOM: mild Pois miscast
   898 | D:2      | Reached XP level 3. HP: 26/29 MP: 3/3
  1494 | D:3      | Reached XP level 4. HP: 14/35 MP: 4/4
  1538 | D:3      | Noticed a phantom
  1542 | D:3      | XOM: potion effect (brilliance)
  1546 | D:3      | Slain by a phantom

Skill      XL: |  1  2 |
---------------+-------+-----
Dodging        | 1 |  1.6
Axes           | 3 |  3.6
Armour         | 2 |  2.4
Fighting       | |  3.5
Stealth        | |  0.9
Shields        | |  0.5

Action                   |  1- 3 |  4- 6 || total
-------------------------+-------+-------++-------
Melee: Hand axe          |   110 |    21 ||   131
  Use: Scroll            |     3 |     1 ||     4
 Stab: Petrifying        |     1 |       ||     1
       Sleeping          |     1 |       ||     1
       Paralysed         |       |     1 ||     1
  Eat: Chunk             |     2 |       ||     2
Armor: Leather armour    |    48 |     8 ||    56
Dodge: Dodged            |    48 |     7 ||    55
Block: Shield            |    20 |     7 ||    27
